 Dungeon Crawl Stone Soup version 0.30.1-4-g462c640d31 (webtiles) character file.

Game seed: 17202906293225647535

423 growler the Gusty (level 6, -2/32 HPs)
             Began as a Tengu Air Elementalist on Aug 28, 2023.
             Slain by a gnoll
             ... wielding a +0 spear
              (4 damage)
             ... on level 4 of the Dungeon.
             The game lasted 00:07:54 (4142 turns).

growler the Gusty (Tengu Air Elementalist)          Turns: 4142, Time: 00:07:56

Health: -2/32      AC:  4    Str:  9    XL:     6   Next: 95%
Magic:  0/13       EV: 14    Int: 17    God:
Gold:   193        SH:  0    Dex: 14    Spells: 3/13 levels left

rFire   . . .        r - +2 dagger (venom)
rCold   . . .        (no shield)
rNeg    . . .        a - +0 robe
rPois   .            (helmet restricted)
rElec   .            (no cloak)
rCorr   .            h - +1 pair of gloves {Stlth+}
SInv    .            (boots unavailable)
Will    .....        (no amulet)
Stlth   +++          (no ring)
HPRegen 0.25/turn    (no ring)
MPRegen 0.13/turn

%: no passive effects
@: flying quickly and evasively, quick
A: beak, talons 3, nimble flight
a: no special abilities


You were on level 4 of the Dungeon.
You visited 1 branch of the dungeon, and saw 4 of its levels.

You collected 193 gold pieces.

Inventory:

Hand Weapons
 o - a +2 short sword of speed
 r - a +2 dagger of venom (weapon)
Missiles
 m - 2 throwing nets
Armour
 a - a +0 robe (worn)
 h - a +1 pair of gloves of stealth (worn)
Scrolls
 d - a scroll of noise {unknown}
 e - 3 scrolls of identify {unknown}
 g - 2 scrolls of magic mapping {unknown}
 k - a scroll of blinking {unknown}
 n - a scroll of vulnerability {unknown}
 t - a scroll of poison {unknown}
Potions
 b - 2 potions of magic
 c - a potion of might {unknown}
 f - 4 potions of curing {unknown}
 i - a potion of cancellation {unknown}
 j - a potion of resistance {unknown}
 l - a potion of haste {unknown}
 p - 2 potions of degeneration {unknown}
 q - a potion of lignification {unknown}
 s - a potion of berserk rage {unknown}


   Skills:
 - Level 2.2 Dodging
 - Level 2.0 Stealth
 + Level 4.1 Spellcasting
 + Level 5.2 Conjurations
 + Level 6.6 Air Magic


You had 3 spell levels left.
You knew the following spells:

 Your Spells              Type           Power      Damage    Failure   Level
a - Shock                 Conj/Air       92%        1d8       1%          1
b - Static Discharge      Conj/Air       46%        2-4/arc   1%          2
c - Swiftness             Air            25%        N/A       3%          3
d - Airstrike             Air            12%        2d(2-18)  11%         4

Your spell library contained the following spells:

 Spells                   Type           Power      Damage    Failure   Level
 Gell's Gravitas          Tloc           3%         N/A       43%         3
 Teleport Other           Tloc           3%         N/A       43%         3
 Iskenderun's Battlesphe  Conj           21%        2d7       45%         5
 Dispersal                Tloc           1%         N/A       100%        6
 Iron Shot                Conj/Erth      6%         9d2       100%        6
 Spellforged Servitor     Conj/Summ      6%         N/A       100%        7


Dungeon Overview and Level Annotations

Branches:
Dungeon (4/15)
 Temple: D:4-7

Altars:
Dithmenos
Wu Jian
Xom


Innate Abilities, Weirdness & Mutations

You have a beak for a mouth.
You have claws for feet.
Your magical nature lets you fly swiftly and evasively.


Message History

The endoplasm is struck by an arc of lightning.
You kill the endoplasm!
The gnoll is struck by an arc of lightning.
You kill the gnoll!
The lightning grounds out.
The adder is struck by an arc of lightning.
You kill the adder!
The gnoll is struck by an arc of lightning.
The gnoll is heavily wounded.
The hound is struck by an arc of lightning.
The hound is severely wounded.
You are struck by an arc of lightning.
The lightning grounds out.
The hound bites you but does no damage.
The gnoll hits you from afar with a +0 spear.
The hound bites you.
Casting: Static Discharge (safe; 2% risk of failure)
Confirm with . or Enter, or press ? or * to list all spells.
The hound is struck by an arc of lightning.
You kill the hound!
The gnoll is struck by an arc of lightning.
The gnoll is heavily wounded.
The gnoll is struck by an arc of lightning.
The gnoll is severely wounded.
You are struck by an arc of lightning.
The gnoll is struck by an arc of lightning.
The gnoll is almost dead.
You are struck by an arc of lightning.
* * * LOW HITPOINT WARNING * * *
The lightning grounds out.
The gnoll hits you from afar with a +0 spear.
* * * LOW HITPOINT WARNING * * *
The gnoll hits you but does no damage.
Casting: Static Discharge (safe; 1% risk of failure)
Confirm with . or Enter, or press ? or * to list all spells.
The gnoll is struck by an arc of lightning.
You kill the gnoll!
You are struck by an arc of lightning.
* * * LOW HITPOINT WARNING * * *
The gnoll hits you from afar with a +0 spear.
You die...

####### ....... .......
###.....#. ######.'.......
#......@)...!..
#......#).#.... #######
#......#g...... #.....#
#..<...#.......
......####.)....##########
#........................#
####
#########..<.............#
#..# ...##
#....)...........# ##..#
##..# ##....)).........#
#...#


You could see a gnoll.

Vanquished Creatures
  A bullfrog (D:4)
  A hound (D:4)
  An orc priest (D:4)
  Jessica (D:2)
  An orc wizard (D:4)
  Terence (D:2)
  Robin (D:2)
  7 gnolls
  3 adders
  An ufetubus (D:4)
  4 dart slugs
  7 orcs (D:4)
  11 ball pythons
  12 endoplasms
  3 giant cockroaches
  13 hobgoblins
  2 jackals (D:1)
  9 quokkas
  3 bats (D:1)
  4 frilled lizards
  17 goblins
  4 kobolds
  5 rats
112 creatures vanquished.

Notes
Turn   | Place    | Note
-------+----------+-------------------------------------------
     0 | D:1      | growler the Tengu Air Elementalist began the quest for the
                  | Orb.
     0 | D:1      | Reached XP level 1. HP: 10/10 MP: 4/4
   143 | D:1      | Reached XP level 2. HP: 15/15 MP: 3/6
   235 | D:1      | Learned a level 2 spell: Static Discharge
   612 | D:1      | Reached XP level 3. HP: 19/19 MP: 4/7
   618 | D:1      | Learned a level 3 spell: Swiftness
  1550 | D:2      | Found an ornate altar of the Wu Jian Council.
  1647 | D:2      | Noticed Robin
  1662 | D:1      | Reached XP level 4. HP: 17/24 MP: 1/9
  1755 | D:2      | Killed Robin
  1756 | D:2      | Reached skill level 5 in Air Magic
  1882 | D:2      | Noticed Terence
  1905 | D:2      | Killed Terence
  2039 | D:2      | Gained mutation: Your magical nature lets you fly swiftly
                  | and evasively. [Tengu growth]
  2039 | D:2      | Reached XP level 5. HP: 28/28 MP: 2/10
  2238 | D:2      | Noticed Jessica
  2246 | D:2      | Killed Jessica
  2532 | D:3      | Learned a level 4 spell: Airstrike
  2787 | D:3      | Found a shadowy altar of Dithmenos.
  3427 | D:4      | Reached XP level 6. HP: 23/32 MP: 4/12
  3460 | D:4      | Reached skill level 6 in Air Magic
  3894 | D:4      | Found a shimmering altar of Xom.
  3928 | D:4      | Reached skill level 5 in Conjurations
  4142 | D:4      | Slain by a gnoll

Illustrated notes

Levels and vault maps discovered:
D:1:      reono_arrival_mine, layout_basic
D:2:      layout_rooms, basic_altar, uniq_terence, uniq_jessica, uniq_robin
D:3:      layout_basic, nicolae_dithmenos_shadow_blocks
D:4:      layout_rooms, mainiacjoe_overflow_brackets, kennysheep_generic_room_7

Skill      XL: |  1  2  3  4  5  6 |
---------------+-------------------+-----
Conjurations   | 2 3 4 5 |  5.2
Air Magic      | 5 6 |  6.6
Spellcasting   | 3 4 |  4.1
Dodging        | |  2.2
Stealth        | |  2.0

Action                     |  1- 3 |  4- 6 || total
---------------------------+-------+-------++-------
  Melee: Unarmed           |     4 |    14 ||    18
         Kick              |     1 |     8 ||     9
         Peck              |     1 |     6 ||     7
         Punch             |       |     2 ||     2
         Dagger            |       |    11 ||    11
   Cast: Shock             |    81 |   111 ||   192
         Static Discharge  |       |    15 ||    15
 Armour: Robe              |     4 |    17 ||    21
  Dodge: Dodged            |    12 |    38 ||    50
